 Dungeon Crawl Stone Soup version 0.29-a0-553-g81b289dbe5 (webtiles) character file.

Game seed: 12531408820019728249

403 testman the Conjurer (level 7, -3/56 HPs)
             Began as a Meteoran Wanderer on June 6, 2022.
             Slain by an orc
             ... wielding a +0 war axe
              (7 damage)
             ... on level 4 of the Dungeon.
             The game lasted 00:13:30 (2085 turns).

testman the Conjurer (Meteoran Wanderer)            Turns: 2085, Time: 00:13:31

Health: -3/56      AC:  3    Str:  9    XL:     7   Next: 34%
Magic:  2/14       EV: 11    Int: 25    God:
Gold:   185        SH:  0    Dex: 15    Spells: 7/15 levels left

rFire   . . .      SeeInvis .   l - +0 hand axe (freeze)
rCold   . . .      Faith    .   (no shield)
rNeg    . . .      Spirit   .   d - +0 robe
rPois   .          Reflect  .   (no helmet)
rElec   .          Harm     .   m - +0 cloak
rCorr   .          Rampage  .   (no gloves)
Will    .....                   (no boots)
Stlth   +.........              (no amulet)
HPRegen 0.18/turn               k - +6 ring of intelligence
MPRegen 0.14/turn               (no ring)

@: glowing
A: sense surroundings 1, otherworldly, glowing, explore regen
a: no special abilities


You were on level 4 of the Dungeon.
You visited 1 branch of the dungeon, and saw 5 of its levels.

You collected 185 gold pieces.

Inventory:

Hand Weapons
 a - a +0 dagger
 l - a +0 hand axe of freezing (weapon)
 p - a +4 hand axe
Missiles
 b - 20 poisoned darts
 t - 2 boomerangs
Armour
 d - a +0 robe (worn)
 m - a +0 cloak (worn)
Jewellery
 k - a +6 ring of intelligence (left hand)
Wands
 n - a wand of digging (3)
Scrolls
 f - a scroll of blinking {unknown}
 g - 2 scrolls of poison {unknown}
 h - a scroll of immolation {unknown}
 i - 4 scrolls of identify {unknown}
 o - a scroll of vulnerability {unknown}
 q - a scroll of brand weapon {unknown}
 r - a scroll of enchant weapon {unknown}
 s - a scroll of silence {unknown}
Potions
 c - a potion of cancellation {unknown}
 e - 2 potions of attraction
 j - a potion of heal wounds


   Skills:
 + Level 2.6 Fighting
 - Level 2.4 Throwing
 + Level 4.5 Spellcasting
 + Level 5.6 Conjurations
 + Level 4.9 Fire Magic
 - Level 1.2 Evocations


You had 7 spell levels left.
You knew the following spells:

 Your Spells              Type           Power      Damage    Failure   Level
a - Foxfire               Conj/Fire      100%       2x1d9     1%          1
b - Searing Ray           Conj           68%        2d6       1%          2
c - Scorch                Fire           60%        2d8       1%          2
d - Conjure Flame         Conj/Fire      32%        6-21      3%          3

Your spell library contained the following spells:

 Spells                   Type           Power      Damage    Failure   Level
 Static Discharge         Conj/Air       19%        N/A       4%          2


Dungeon Overview and Level Annotations

Branches:
Dungeon (5/15)
 Temple: D:4-7

Altars:


Innate Abilities, Weirdness & Mutations

You passively map a small area around you.
You are easily found by Zot.
You glow in the dark.
You regain HP and MP as you explore.


Message History

The orc barely misses you. The orc closely misses you.
The orc hits you with a +0 club. The orc hits you with a +0 hand axe.
You hit the orc. You freeze the orc.
You kill the orc!
You closely miss the orc. You barely miss the orc.
The orc hits you with a +0 war axe. The orc hits you with a +0 club.
* * * LOW HITPOINT WARNING * * *
Unknown command.
You closely miss the orc.
The orc is heavily wounded.
You hit the orc. You freeze the orc. The orc hits you with a +0 club.
* * * LOW HITPOINT WARNING * * *
The orc barely misses you.
You hit the orc but do no damage.
The orc is heavily wounded.
You barely miss the orc. The orc hits you with a +0 club.
* * * LOW HITPOINT WARNING * * *
The orc hits you with a +0 war axe.
* * * LOW HITPOINT WARNING * * *
Unknown command.
You hit the orc but do no damage.
The orc is heavily wounded.
You hit the orc. You freeze the orc.
You kill the orc!
The orc hits you with a +0 war axe.
* * * LOW HITPOINT WARNING * * *
The orc barely misses you.
Casting: Searing Ray (safe; 1% risk of failure)
Confirm with . or Enter, or press ? or * to list all spells.
Flames lash the orc but do no damage.
The orc barely misses you.
You barely miss the orc.
The orc is heavily wounded.
The orc hits you but does no damage.
You hit the orc but do no damage.
The orc is heavily wounded.
The orc misses you.
You hit the orc but do no damage.
The orc is heavily wounded.
The orc hits you with a +0 war axe!
You die...

* ** * ############# ,
,.............. , , ,
.............. #### , *
...##.....##...
....#######...####### #...
, ,........o)...'.. ,,#...
........@)...#,, #...
.,..##...##...# , #...
....##.).## ?.# , #... *
.......>..#,,... , , #...
** ..........# , ..., #...
, ######+####+####), #...
....##...##...#########...
,#,
..........................
.#,
........).........).......


You could see an orc.

Vanquished Creatures
  A necrophage (D:4)
  A scorpion (D:4)
  A hound (D:4)
  3 orc wizards
  5 adders
  3 gnolls
  6 worms
  10 orcs
  2 bats (D:1)
  4 endoplasms
  5 giant cockroaches
  3 goblins
  8 hobgoblins
  4 quokkas
  5 ball pythons
  5 frilled lizards
  7 kobolds
  7 rats
80 creatures vanquished.

Vanquished Creatures (others)
  41 foxfires
41 creatures vanquished.

Grand Total: 121 creatures vanquished

Notes
Turn   | Place    | Note
-------+----------+-------------------------------------------
     0 | D:1      | testman the Meteoran Wanderer began the quest for the Orb.
     0 | D:1      | testman set off with the following items: a +0 dagger, 9
                  | poisoned darts, a potion of curing, a +0 robe; and the
                  | following spell memorised: Foxfire; and the following
                  | spells available to memorise: Searing Ray, Scorch, Static
                  | Discharge, Conjure Flame
     0 | D:1      | Reached XP level 1. HP: 16/16 MP: 3/3
   127 | D:1      | Reached XP level 2. HP: 9/23 MP: 5/5
   177 | D:1      | Learned a level 2 spell: Searing Ray
   309 | D:1      | Learned a level 2 spell: Scorch
   461 | D:2      | Reached skill level 4 in Conjurations
   461 | D:2      | Reached XP level 3. HP: 28/28 MP: 3/7
   639 | D:2      | Reached XP level 4. HP: 33/35 MP: 7/9
   980 | D:3      | Reached XP level 5. HP: 38/40 MP: 10/10
  1251 | D:3      | Learned a level 3 spell: Conjure Flame
  1548 | D:4      | Noticed a necrophage
  1550 | D:4      | Reached skill level 5 in Conjurations
  1550 | D:4      | Reached XP level 6. HP: 13/48 MP: 3/12
  1625 | D:4      | Reached XP level 7. HP: 36/55 MP: 11/14
  1748 | D:5      | Entered Level 5 of the Dungeon
  2085 | D:4      | Slain by an orc

Illustrated notes

Levels and vault maps discovered:
D:1:      dpeg_arrival_pits, layout_loops_cross,
          chequers_ecumenical_altar_simple_redux, minmay_bisected
D:2:      minmay_alternating_diamond, layout_rooms, minmay_crystal_water,
          nicolae_wormholes
D:3:      layout_loops_ring
D:4:      layout_gridville
D:5:      nicolae_cairo_tiling_large, layout_loops_ring,
          chequers_hall_statues_corner_a

Skill      XL: |  1  2  3  4  5  6 |
---------------+-------------------+-----
Spellcasting   | 2 3 4 |  4.5
Conjurations   | 4 5 |  5.6
Fire Magic     | 3 4 |  4.9
Fighting       | 2 |  2.6
Throwing       | |  2.4
Evocations     | |  1.2

Action                   |  1- 3 |  4- 6 |  7- 9 || total
-------------------------+-------+-------+-------++-------
Melee: Dagger            |    52 |       |       ||    52
       Hand axe          |    13 |    66 |    30 ||   109
       Punch             |       |       |     1 ||     1
Throw: Dart              |     1 |       |       ||     1
 Cast: Foxfire           |     7 |     9 |     6 ||    22
       Searing Ray       |     3 |     4 |     1 ||     8
       Scorch            |     5 |    16 |    12 ||    33
  Use: Potion            |       |     3 |       ||     3
Armor: Robe              |    21 |    12 |    11 ||    44
Dodge: Dodged            |    33 |    37 |    28 ||    98

Table legend: (Time is in decaauts)
 A = Elapsed time spent in this place.
 B = Non-inter-level travel time spent in this place.
 C = Inter-level travel time spent in this place.
 D = Time resting spent in this place.
 E = Time spent auto-exploring this place.
 F = Levels seen in this place.
 G = Mean time per level.
                   A        B        C        D        E       F      G
               +--------+--------+--------+--------+--------+-----+--------+
         Total |   2118 |   2027 |     91 |    393 |    902 |   5 |  423.6 |
       Dungeon |   2118 |   2027 |     91 |    393 |    902 |   5 |  423.6 |
               +--------+--------+--------+--------+--------+-----+--------+

Top non-repeatable levels by time:
     D:3: 805 daAuts
     D:4: 572 daAuts
     D:1: 457 daAuts
     D:2: 246 daAuts
     D:5: 36 daAuts
